General information
- name: BNet
- type: Ladder team game (AT/RT)
- host: Battle.net
- saver: imgunnago25-0
map: GnollWood
- players: 6
- length: 09:54
- speed: Fast
- version: 1.24 W3XP
- replay type: Public
» download(73 KB)
Players
team 1 (winner)
B_L_I.Z.Z.A_R_D (
red | 72 APM | 717 actions | 09:53)
3 Death Knight
2 Death Coil
1 Unholy Aura
1 Lich
1 Frost Nova
» actions
| Assign group hotkey | 123 | |
| Basic commands | 10 | |
| Build / train | 42 | |
| Enter build submenu | 16 | |
| Enter hero's abilities submenu | 4 | |
| Remove unit from queue | 2 | |
| Right click | 306 | |
| Select / deselect | 162 | |
| Select group hotkey | 17 | |
| Use ability | 35 | |
717 total
» units
| Acolyte | 2 | |
| Ghoul | 1 | |
| Crypt Fiend | 9 | |
| Forest Troll Berserker | 3 | |
15 total
» upgrades
» buildings
| Graveyard | 1 | |
| Crypt | 1 | |
| Ziggurat | 8 | |
| Altar of Darkness | 1 | |
| Tomb of Relics | 1 | |
| Nerubian Tower | 1 | |
| Halls of the Dead | 2 | |
| Black Citadel | 4 | |
| Slaughterhouse | 3 | |
22 total
» build order
00:05 Graveyard
00:10 Crypt
00:12 Ziggurat
00:25 Altar of Darkness
00:37 Tomb of Relics
01:08 Ziggurat
02:16 Nerubian Tower
03:12 Halls of the Dead
03:12 Halls of the Dead
03:46 Ziggurat
03:48 Ziggurat
05:40 Black Citadel
05:41 Black Citadel
06:05 Ziggurat
07:56 Slaughterhouse
07:58 Slaughterhouse
07:59 Slaughterhouse
08:00 Ziggurat
08:01 Ziggurat
08:03 Ziggurat
» items
| Rod of Necromancy | 3 | |
| Dust of Appearance | 1 | |
4 total
imgunnago25-0 (
purple | 99 APM | 981 actions | 09:54)
4 Priestess of the Moon
2 Searing Arrows
2 Trueshot Aura
» actions
| Assign group hotkey | 207 | |
| Basic commands | 75 | |
| Build / train | 59 | |
| Enter build submenu | 10 | |
| Enter hero's abilities submenu | 5 | |
| Right click | 405 | |
| Select / deselect | 101 | |
| Select group hotkey | 52 | |
| Use ability | 67 | |
981 total
» units
» upgrades
| Strength of the Moon | 1 | |
| Moon Armor | 1 | |
2 total
» buildings
| Altar of Elders | 1 | |
| Moon Well | 5 | |
| Hunter's Hall | 1 | |
| Ancient of War | 2 | |
| Ancient Protector | 1 | |
10 total
» build order
00:08 Altar of Elders
00:22 Moon Well
01:34 Hunter's Hall
01:55 Ancient of War
02:16 Ancient of War
02:28 Moon Well
03:44 Moon Well
03:46 Moon Well
04:07 Moon Well
04:11 Ancient Protector
Womenizer (
blue | 399 APM | 3944 actions | 09:53)
3 Keeper of the Grove
2 Entangling Roots
1 Thorns Aura
» actions
| Assign group hotkey | 3046 | |
| Basic commands | 77 | |
| Build / train | 32 | |
| Enter build submenu | 8 | |
| Enter hero's abilities submenu | 3 | |
| Right click | 558 | |
| Select / deselect | 126 | |
| Select group hotkey | 70 | |
| Use ability | 24 | |
3944 total
» units
» upgrades
» buildings
| Altar of Elders | 1 | |
| Moon Well | 4 | |
| Ancient of War | 2 | |
| Hunter's Hall | 1 | |
8 total
» build order
00:04 Altar of Elders
00:17 Moon Well
01:45 Ancient of War
01:47 Hunter's Hall
02:07 Ancient of War
02:17 Moon Well
03:31 Moon Well
05:07 Moon Well
» items
| Dust of Appearance | 1 | |
| Scroll of Healing | 1 | |
2 total
team 2 (loser)
7mile (
yellow | 48 APM | 459 actions | 09:39)
1 Blademaster
1 Wind Walk
» actions
| Assign group hotkey | 3 | |
| Build / train | 21 | |
| Enter build submenu | 8 | |
| Enter hero's abilities submenu | 1 | |
| Right click | 312 | |
| Select / deselect | 90 | |
| Use ability | 24 | |
459 total
» units
» buildings
| Orc Burrow | 3 | |
| Altar of Storms | 1 | |
| Barracks | 1 | |
| Voodoo Lounge | 1 | |
| War Mill | 1 | |
| Stronghold | 1 | |
| Watch Tower | 1 | |
9 total
» build order
00:22 Orc Burrow
00:37 Altar of Storms
00:55 Barracks
01:33 Orc Burrow
01:47 Voodoo Lounge
02:41 Orc Burrow
03:45 War Mill
04:22 Stronghold
05:05 Watch Tower
» items
| Healing Salve | 1 | |
| Lesser Clarity Potion | 2 | |
| Scroll of Speed | 1 | |
4 total
lastchaldo (
teal | 43 APM | 403 actions | 09:27)
1 Dark Ranger
1 Black Arrow
» actions
| Assign group hotkey | 2 | |
| Build / train | 24 | |
| Enter build submenu | 11 | |
| Enter hero's abilities submenu | 1 | |
| Right click | 242 | |
| Select / deselect | 106 | |
| Select group hotkey | 1 | |
| Use ability | 16 | |
403 total
» units
» buildings
| Moon Well | 4 | |
| Altar of Elders | 2 | |
| Ancient of War | 2 | |
| Tree of Ages | 1 | |
| Hunter's Hall | 1 | |
| Ancient Protector | 1 | |
| Ancient of Wind | 1 | |
12 total
» build order
00:27 Moon Well
00:39 Altar of Elders
00:54 Altar of Elders
01:12 Moon Well
01:48 Ancient of War
01:52 Ancient of War
02:12 Moon Well
03:13 Moon Well
05:34 Tree of Ages
07:33 Hunter's Hall
08:50 Ancient Protector
08:55 Ancient of Wind
samp223 (
pink | 36 APM | 358 actions | 09:52)
2 Death Knight
1 Death Coil
1 Unholy Aura
» actions
| Build / train | 26 | |
| Enter build submenu | 11 | |
| Enter hero's abilities submenu | 3 | |
| Right click | 228 | |
| Select / deselect | 72 | |
| Use ability | 18 | |
358 total
» units
» buildings
| Ziggurat | 6 | |
| Altar of Darkness | 1 | |
| Crypt | 2 | |
| Nerubian Tower | 4 | |
| Halls of the Dead | 1 | |
| Graveyard | 1 | |
15 total
» build order
00:11 Ziggurat
00:22 Altar of Darkness
00:34 Crypt
01:06 Ziggurat
01:12 Nerubian Tower
02:09 Ziggurat
04:17 Ziggurat
04:20 Nerubian Tower
04:32 Crypt
05:01 Ziggurat
06:17 Nerubian Tower
06:27 Nerubian Tower
08:03 Halls of the Dead
08:09 Graveyard
09:22 Ziggurat
Chat log
(00:45 / Allies) imgunnago25-0: thats orc
(00:46 / Allies) imgunnago25-0: we rape orc
(00:56 / Allies) imgunnago25-0: NO WAIO_O
(01:01 / Allies) B_L_I.Z.Z.A_R_D: ?
(01:03 / Allies) imgunnago25-0: nada
(02:22 / Allies) imgunnago25-0: care
(02:23 / Allies) imgunnago25-0: andy
(02:45 / All) imgunnago25-0: This is 3
(02:46 / All) imgunnago25-0: s
(02:47 / All) imgunnago25-0: not 2s
(02:51 / All) imgunnago25-0: bm is crap
(02:53 / Allies) B_L_I.Z.Z.A_R_D: care on what?
(02:55 / Allies) imgunnago25-0: nvm
(03:03 / Allies) B_L_I.Z.Z.A_R_D: -.-
(03:40 / Allies) imgunnago25-0: LOL
(03:54 / Allies) B_L_I.Z.Z.A_R_D: :O
(04:00 / Allies) imgunnago25-0: archers
(04:01 / Allies) imgunnago25-0: -.-
(05:35 / Allies) B_L_I.Z.Z.A_R_D: gollld
(05:51 / All) B_L_I.Z.Z.A_R_D: :O
(06:08 / Allies) imgunnago25-0: f u
(06:57 / Allies) B_L_I.Z.Z.A_R_D: game over
(07:15 / Allies) imgunnago25-0: u got
(07:15 / Allies) imgunnago25-0: dust
(07:16 / Allies) imgunnago25-0: btw
(07:18 / Allies) imgunnago25-0: keblo
(07:24 / Allies) imgunnago25-0: coulda had
(07:24 / Allies) imgunnago25-0: bm
(07:25 / Allies) imgunnago25-0: =/
(08:25 / Allies) imgunnago25-0: u blocked
(08:26 / Allies) imgunnago25-0: ur self
(08:27 / Allies) imgunnago25-0: zz
(08:29 / Allies) imgunnago25-0: N
(08:30 / Allies) imgunnago25-0: O
(08:30 / Allies) imgunnago25-0: U
(08:57 / Allies) imgunnago25-0: wow
(09:07 / Allies) imgunnago25-0: f u
(09:08 / Allies) B_L_I.Z.Z.A_R_D: mass feed plz
(09:14 / Allies) B_L_I.Z.Z.A_R_D: do you want abom or
(09:16 / Allies) B_L_I.Z.Z.A_R_D: wagon?
(09:23 / Allies) imgunnago25-0: frosties
(09:23 / Allies) imgunnago25-0: in
(09:24 / Allies) imgunnago25-0: 3s
(09:24 / Allies) imgunnago25-0: btw
(09:27 / Allies) B_L_I.Z.Z.A_R_D: no
(09:28 / Allies) B_L_I.Z.Z.A_R_D: fkc that
(09:32 / Allies) imgunnago25-0: LAWL
(09:38 / Allies) B_L_I.Z.Z.A_R_D: wAHT DO YOU WANT?
(09:40 / Allies) B_L_I.Z.Z.A_R_D: ABOM OR
(09:42 / Allies) imgunnago25-0: destro
(09:43 / Allies) B_L_I.Z.Z.A_R_D: WAGON?
(09:45 / Allies) B_L_I.Z.Z.A_R_D: NO